 Dungeon Crawl Stone Soup version 0.31-a0-441-g867994ef1c (webtiles) character file.

Game seed: 5095491715173832323

134 randomguy2701 the Chopper (level 5, -4/46 HPs)
             Began as a Hill Orc Fighter on Aug 3, 2023.
             Slain by a hobgoblin (5 damage)
             ... led by Robin
             ... on level 4 of the Dungeon.
             The game lasted 00:01:53 (2237 turns).

randomguy2701 the Chopper (Hill Orc Fighter)        Turns: 2237, Time: 00:01:53

Health: -4/46      AC:  7    Str: 19    XL:     5   Next: 17%
Magic:  5/5        EV:  9    Int:  6    God:
Gold:   204        SH:  4    Dex: 12    Spells: 4/4 levels left

rFire   . . .        a - +0 war axe
rCold   . . .        c - +0 buckler
rNeg    . . .        b - +0 scale mail
rPois   .            (no helmet)
rElec   .            (no cloak)
rCorr   .            (no gloves)
SInv    .            (no boots)
Will    .....        (no amulet) Stlth
                     (no ring)
HPRegen 0.27/turn    (no ring)
MPRegen 0.09/turn

%: no passive effects
@: no status effects
A: dopey 1, inability to drink after injury 1
a: no special abilities


You were on level 4 of the Dungeon.
You visited 1 branch of the dungeon, and saw 4 of its levels.

You collected 204 gold pieces.

Inventory:

Hand Weapons
 a - a +0 war axe (weapon)
Armour
 b - a +0 scale mail (worn)
 c - a +0 buckler (worn)
Jewellery
 m - a +6 ring of intelligence
 o - a ring of positive energy
Scrolls
 f - 2 scrolls of enchant weapon {unknown}
 g - 2 scrolls of fog {unknown}
 h - 2 scrolls of identify {unknown}
 i - 2 scrolls of vulnerability {unknown}
 j - 2 scrolls of amnesia {unknown}
 n - a scroll of enchant armour {unknown}
 p - a scroll of revelation {unknown}
Potions
 d - a potion of might
 e - 2 potions of curing {unknown}
 k - a potion of lignification {unknown}
 l - 2 potions of mutation
 q - a potion of enlightenment {unknown}
 r - 2 potions of cancellation {unknown}
 s - a potion of magic {unknown}


   Skills:
 + Level 4.2 Fighting
 + Level 5.1 Axes
 + Level 4.2 Armour
 + Level 0.5 Dodging
 + Level 3.6 Shields


You had 4 spell levels left.
You didn't know any spells.
Your spell library contained the following spells:

 Spells                   Type           Power      Damage    Failure   Level
 Sting                    Tmut/Pois      0%         1d3       88%         1
 Poisonous Vapours        Pois/Air       0%         N/A       95%         2
 Olgreb's Toxic Radiance  Pois           0%         N/A       100%        4


Dungeon Overview and Level Annotations

Branches:
Dungeon (4/15)
 Temple: D:4-7

Altars:

Annotations:
D:4 Robin


Innate Abilities, Weirdness & Mutations

You are dopey. (Int -2)
You occasionally lose the ability to drink potions when taking damage.


Message History

You kill the goblin!
You slash the goblin!
You kill the goblin!
You block the goblin's attack.
You hit the goblin but do no damage.
The goblin is heavily wounded.
You hit the goblin. You closely miss the goblin.
The goblin hits you with a +0 club. x2; The goblin closely misses you.
You miss the goblin.
The goblin is heavily wounded.
You hit the goblin.
You kill the goblin!
You closely miss the goblin. You hit the goblin.
You kill the goblin!
The goblin hits you with a +0 club. Robin throws the goblin at you!
The goblin hits you but does no damage. The goblin hits you with a +0 club.
The hobgoblin hits you. The goblin hits you but does no damage.
The goblin hits you with a +0 club.
* * * LOW HITPOINT WARNING * * *
The goblin hits you with a +0 short sword.
* * * LOW HITPOINT WARNING * * *
The hobgoblin attacks as you move away! The hobgoblin hits you.
* * * LOW HITPOINT WARNING * * *
The goblin hits you but does no damage. The hobgoblin attacks as you move away!
The hobgoblin hits you.
* * * LOW HITPOINT WARNING * * *
The hobgoblin attacks as you move away! The hobgoblin hits you.
* * * LOW HITPOINT WARNING * * *
You closely miss the hobgoblin. The hobgoblin closely misses you.
You barely miss the hobgoblin.
The hobgoblin no longer looks unusually strong.
The hobgoblin hits you.
* * * LOW HITPOINT WARNING * * *
Robin roars a battlecry!
The hobgoblin goes into a battle-frenzy!
It was a potion of mutation.
You feel extremely strange.
You feel stupid.
You occasionally lose the ability to drink potions when taking damage.
The hobgoblin hits you.
You die...

####### .......
.......
......)###
......)gg#
......)#g#
.....gg#g#
.......#g#
.......#@#
.......#.#
.......#.#
.......#.# #.#
###########.#
#...........#
#.###########
####'#..######<#


You could see Robin, 2 hobgoblins and 2 goblins.

Vanquished Creatures
  Jessica (D:2)
  4 adders
  2 worms (D:2)
  4 orcs (D:3)
  2 ball pythons
  3 bats
  3 endoplasms
  4 giant cockroaches
  11 goblins
  5 hobgoblins
  2 jackals (D:2)
  2 quokkas
  4 frilled lizards
  5 kobolds
  6 rats
58 creatures vanquished.

Notes
Turn   | Place    | Note
-------+----------+-------------------------------------------
     0 | D:1      | randomguy2701 the Hill Orc Fighter began the quest for the
                  | Orb.
     0 | D:1      | Reached XP level 1. HP: 19/19 MP: 1/1
   431 | D:1      | Reached XP level 2. HP: 27/27 MP: 2/2
   772 | D:1      | Reached skill level 3 in Axes
   993 | D:2      | Reached XP level 3. HP: 33/33 MP: 3/3
  1001 | D:2      | Noticed Jessica
  1009 | D:2      | Killed Jessica
  1010 | D:2      | Reached skill level 4 in Axes
  1010 | D:2      | Reached XP level 4. HP: 23/40 MP: 4/4
  1900 | D:3      | Reached XP level 5. HP: 46/46 MP: 5/5
  1915 | D:3      | Reached skill level 5 in Axes
  2222 | D:4      | Noticed Robin
  2234 | D:4      | HP: 2/46 [hobgoblin[Robin] (4)]
  2237 | D:4      | Gained mutation: You are dopey. (Int -2) [potion of
                  | mutation]
  2237 | D:4      | Gained mutation: You occasionally lose the ability to drink
                  | potions when taking damage. [potion of mutation]
  2237 | D:4      | Slain by a hobgoblin

Illustrated notes

Levels and vault maps discovered:
D:1:      wander_arrival_peaceful_grave, layout_basic, serial_bayou_crossing
D:2:      wander_river, layout_basic, uniq_jessica
D:3:      layout_basic, kennysheep_generic_room_11
D:4:      layout_basic, corexii_shack, minmay_between, uniq_robin

Skill      XL: |  1  2  3  4  5 |
---------------+----------------+-----
Axes           | 3 4 5 |  5.1
Fighting       | 4 |  4.2
Armour         | 4 |  4.2
Dodging        | |  0.5
Shields        | |  3.6

Action                     |  1- 3 |  4- 6 || total
---------------------------+-------+-------++-------
  Melee: War axe           |    64 |    83 ||   147
    Use: Potion            |       |     1 ||     1
   Stab: Distracted        |       |     1 ||     1
 Armour: Scale mail        |    39 |    40 ||    79
  Dodge: Dodged            |    19 |    39 ||    58
  Block: Buckler           |    13 |    19 ||    32

Table legend: (Time is in decaauts)
 A = Elapsed time spent in this place.
 B = Non-inter-level travel time spent in this place.
 C = Inter-level travel time spent in this place.
 D = Time resting spent in this place.
 E = Time spent auto-exploring this place.
 F = Levels seen in this place.
 G = Mean time per level.
                   A        B        C        D        E       F      G
               +--------+--------+--------+--------+--------+-----+--------+
         Total |   2309 |   2222 |     87 |      0 |   1871 |   4 |  577.2 |
       Dungeon |   2309 |   2222 |     87 |      0 |   1871 |   4 |  577.2 |
               +--------+--------+--------+--------+--------+-----+--------+

Top non-repeatable levels by time:
     D:1: 916 daAuts
     D:2: 846 daAuts
     D:3: 492 daAuts
     D:4: 54 daAuts
